 Dungeon Crawl Stone Soup version bcrawl-1.17.3 (webtiles) character file.

Game seed: 4797498444411775337

837 Qrupt the Slasher (level 7, 0/44 HPs)
             Began as a Skeleton Reaver on Oct 26, 2019.
             Was a Priest of Vehumet.
             Slain by a quasit (1 damage)
             ... on level 4 of the Dungeon.
             The game lasted 00:13:12 (4714 turns).

Qrupt the Slasher (Skeleton Reaver)                 Turns: 4714, Time: 00:13:13

Health: 0/44       AC:  8    Str: 22    XL:     7   Next: 66%
Magic:  0/11       EV:  2    Int: 14    God:    Vehumet [***...]
Gold:   328        SH:  0    Dex: -21 (7) Spells: 7/12 levels left

rFire    . . .     SeeInvis .   a - +0 long sword
rCold    + + .     Gourm    .   (no shield)
rNeg     + + +     Faith    .   b - +0 steam dragon scales
rPois    ∞         Spirit   +   (no helmet)
rElec    .         Reflect  .   (no cloak)
rCorr    .         Harm     .   (no gloves)
MR       +....                  j - +2 pair of boots
Stlth    ..........             (no amulet)
HPRegen  0.14/turn              l - +4 ring of strength
MPRegen  0.12/turn              o - ring of protection from cold

@: infused, slowed, lost dexterity, very slow
A: no food or potions, cold resistance 1, deterioration 1, negative energy
resistance 3, powered by death 1, torment resistance, unbreathing, magic shield,
sturdy frame 1, spell healing
a: Renounce Religion


You were on level 4 of the Dungeon.
You worshipped Vehumet.
Vehumet was most pleased with you.
You were not hungry.

You visited 1 branch of the dungeon, and saw 5 of its levels.

You collected 328 gold pieces.

Inventory:

Hand Weapons
 a - a +0 long sword (weapon)
 q - the +1 whip of Ygiph {freeze, rElec}
   (You found it on level 4 of the Dungeon)

   It has been specially enchanted to freeze those struck by it, causing extra
   injury to most foes and up to half again as much damage against particularly
   susceptible opponents.
   It can also slow down cold-blooded creatures.
   It insulates you from electricity.
Armour
 b - +0 steam dragon scales (worn)
 j - a +2 pair of boots (worn)
Jewellery
 l - a +4 ring of strength (left hand)
 n - an uncursed ring of poison resistance
 o - a ring of protection from cold (right hand)
Scrolls
 c - 3 scrolls of immolation
 e - 5 scrolls of teleportation
 f - 2 scrolls of magic mapping
 g - 3 scrolls of identify
 h - 6 scrolls of remove curse
 i - a scroll of blinking {unknown}
 k - a scroll of fog {unknown}
 m - 2 scrolls of enchant weapon {unknown}
 p - a scroll of noise


   Skills:
 + Level 5.4 Fighting
 + Level 6.5 Long Blades
 - Level 1.5 Armour
 + Level 4.3 Dodging
 - Level 3.2 Spellcasting
 - Level 2.7 Conjurations
 - Level 2.4 Charms
 - Level 2.1 Poison Magic


You had 7 spell levels left.
You knew the following spells:

 Your Spells              Type           Power        Failure   Level  Hunger
a - Sting                 Conj/Pois      #...         2%          1    N/A
b - Infusion              Chrm           #.......     8%          1    N/A
c - Mephitic Cloud        Conj/Pois/Air  #.......     9%          3    N/A

Your spell library contained the following spells:

 Spells                   Type           Power        Failure   Level  Hunger
 Olgreb's Toxic Radiance  Pois           #.......     22%         4    N/A
 Sandblast                Erth           #.....       6%          1    N/A
 Apportation              Tloc           #.....       22%         1    N/A
 Slow                     Hex            #.......     22%         1    N/A
 Summon Butterflies       Summ           #.......     22%         1    N/A
 Iskenderun's Battlesphe  Conj/Chrm      #.......     45%         5    N/A

Dungeon Overview and Level Annotations

Branches:
Dungeon (5/12)
 Temple: D:4-7

Altars:
Makhleb
Qazlal
Trog
Vehumet


Innate Abilities, Weirdness & Mutations

You do not eat or drink.
You are immune to poison.
Your flesh is cold resistant. (rC+)
Your body sometimes deteriorates upon taking damage.
You are immune to negative energy. (rN+++)
You regenerate a little health from kills.
You are immune to unholy pain and torment.
You can survive without breathing.
When hurt, damage is shared between your health and your magic reserves.
Your movements are slightly less encumbered by armour. (ER -2)
Casting spells heals you.


Message History

You feel clumsy.
You hit the quasit.
The quasit is almost dead.
The quasit bites you.
* * * LOW HITPOINT WARNING * * *
You feel clumsy.
The quasit claws you but does no damage. x2
The quasit bites you.
* * * LOW HITPOINT WARNING * * *
You feel clumsy. The quasit claws you.
* * * LOW HITPOINT WARNING * * *
You feel clumsy.
The quasit claws you but does no damage.
As you read the scroll of fear, it crumbles to dust.
You assume a fearsome visage.
The quasit is unaffected.
The quasit bites you but does no damage.
The quasit claws you but does no damage. x2
The quasit bites you.
You die...

##### #...# #...# ####### #...#
#...... ####### #...#########
#...... ......# #.......##..##
#...... ......# #.......5....###
#...... ......#
#......@.###...###......
......######......# ###...†......
..................## #####.....#
>.....#####........## ###.#.#
......######........#######...#.#
.................................
......######.##..................
##.#### #.##..........#.......
#..########.#......##...........


You could see a quasit.

Vanquished Creatures
  2 sky beasts
  An ogre (D:5)
  A water moccasin skeleton (D:5)
  A quasit (D:5)
  A crimson imp (D:4)
  A hound (D:4)
  An orc priest (D:4)
  An orc wizard (D:4)
  A gnoll shaman (D:4)
  2 worker ants (D:4)
  6 gnolls (D:4)
  9 adders
  3 oozes
  4 worms
  5 dart slugs
  3 leopard geckos
  16 orcs
  2 ball pythons (D:1)
  2 giant cockroaches
  10 goblins
  6 hobgoblins
  12 jackals
  11 kobolds
  3 quokkas
  7 bats
  A leopard gecko skeleton (D:4)
  7 rats
119 creatures vanquished.

Notes
Turn   | Place    | Note
-------+----------+-------------------------------------------
     0 | D:1      | Qrupt the Skeleton Reaver began the quest for the Orb.
     0 | D:1      | Reached XP level 1. HP: 14/14 MP: 4/4
    83 | D:1      | Reached XP level 2. HP: 18/19 MP: 6/6
    90 | D:1      | Reached skill level 1 in Armour
   209 | D:1      | Reached skill level 4 in Long Blades
   256 | D:1      | Reached * piety under Vehumet
   256 | D:1      | Offered knowledge of Sting by Vehumet.
   260 | D:1      | Learned a level 1 spell: Sting
   406 | D:1      | Reached XP level 3. HP: 13/23 MP: 1/7
  1404 | D:2      | Reached XP level 4. HP: 29/29 MP: 8/8
  1492 | D:2      | Found a bloodstained altar of Trog.
  1566 | D:2      | Reached ** piety under Vehumet
  1706 | D:2      | Offered knowledge of Magic Dart by Vehumet.
  1864 | D:2      | Reached skill level 1 in Conjurations
  1898 | D:2      | Found a radiant altar of Vehumet.
  1989 | D:2      | Found a burning altar of Makhleb.
  2110 | D:3      | Reached skill level 1 in Poison Magic
  2264 | D:3      | Noticed a sky beast
  2554 | D:3      | Killed a sky beast
  2554 | D:3      | Reached skill level 5 in Long Blades
  2554 | D:3      | Reached XP level 5. HP: 25/33 MP: 4/9
  3348 | D:3      | Gained mutation: You regenerate a little health from kills.
                  | [Skeleton growth]
  3348 | D:3      | Reached XP level 6. HP: 39/39 MP: 5/10
  3363 | D:4      | Learned a level 1 spell: Infusion
  3448 | D:4      | Noticed a sky beast
  3469 | D:4      | Killed a sky beast
  3469 | D:4      | Reached skill level 1 in Charms
  3704 | D:4      | Offered knowledge of Mephitic Cloud by Vehumet.
  3709 | D:4      | Learned a level 3 spell: Mephitic Cloud
  3918 | D:4      | Reached XP level 7. HP: 44/44 MP: 6/11
  3926 | D:4      | Reached *** piety under Vehumet
  4017 | D:4      | Reached skill level 5 in Fighting
  4017 | D:4      | Reached skill level 6 in Long Blades
  4047 | D:4      | Got an encrusted whip
  4048 | D:4      | Identified the cursed +1 whip of Ygiph {freeze, rElec} (You
                  | found it on level 4 of the Dungeon)
  4153 | D:4      | Offered knowledge of Olgreb's Toxic Radiance by Vehumet.
  4293 | D:5      | Entered Level 5 of the Dungeon
  4297 | D:5      | Found a stormy altar of Qazlal.
  4671 | D:5      | Lost dexterity.
  4713 | D:4      | HP: 2/44 [quasit (2)]
  4714 | D:4      | Slain by a quasit

Skill      XL: |  1  2  3  4  5  6  7 |
---------------+----------------------+-----
Armour         | 1 |  1.5
Long Blades    | 4 5 6 |  6.5
Conjurations   | 2 |  2.7
Poison Magic   | 1 2 |  2.1
Fighting       | 4 5 |  5.4
Charms         | 1 2 |  2.4
Dodging        | 4 |  4.3
Spellcasting   | |  3.2

Action                   |  1- 3 |  4- 6 |  7- 9 || total
-------------------------+-------+-------+-------++-------
Melee: Long sword        |   202 |   277 |    77 ||   556
       Whip              |       |       |    60 ||    60
 Cast: Sting             |     3 |    36 |    15 ||    54
       Infusion          |       |     1 |     5 ||     6
       Mephitic Cloud    |       |     1 |       ||     1
  Use: Scroll            |     1 |     2 |     3 ||     6
Armor: Steam dragon scal |    91 |   113 |   240 ||   444
Dodge: Dodged            |   173 |   223 |   147 ||   543
